 Dungeon Crawl Stone Soup version 0.31-a0-795-g5eb97db20b (webtiles) character file.

Game seed: 3163961617342610625

53 Maratek the Shield-Bearer (level 3, -6/23 HPs)
             Began as an Octopode Fighter on Sept 18, 2023.
             Was a Follower of Hepliaklqana.
             Mangled by Terence
             ... wielding a +5 short sword of venom
              (11 damage)
             ... on level 2 of the Dungeon.
             The game lasted 00:01:35 (1118 turns).

Maratek the Shield-Bearer (Octopode Fighter)        Turns: 1118, Time: 00:01:36

Health: -6/23      AC:  1    Str: 17    XL:     3   Next: 89%
Magic:  3/3        EV: 13    Int: 10    God:    Hepliaklqana [*.....]
Gold:   87         SH:  4    Dex: 11    Spells: 2/2 levels left

rFire   + . .        a - +0 long sword
rCold   x . .        b - +0 buckler
rNeg    . . .        (helmet restricted)
rPois   .            (no amulet)
rElec   .            e - ring of fire
rCorr   .            (no ring)
SInv    .            (no ring)
Will    .....        (no ring)
Stlth   ++           (no ring)
HPRegen 0.23/turn    (no ring)
MPRegen 0.08/turn    (no ring)
                     (no ring)

%: no passive effects
@: lethally poisoned (-6 -> -34)
A: reduced essence, almost no armour, amphibious, 8 rings, camouflage 1,
gelatinous body 1, (nimble swimmer 1), tentacles
a: Renounce Religion, Recall Ancestor, Ancestor Identity


You were on level 2 of the Dungeon.
You worshipped Hepliaklqana.
Hepliaklqana was aware of your devotion.
You visited 1 branch of the dungeon, and saw 2 of its levels.

You collected 87 gold pieces.

Inventory:

Hand Weapons
 a - a +0 long sword (weapon)
Armour
 b - a +0 buckler (worn)
Jewellery
 e - a ring of fire (left tentacle)
Scrolls
 d - a scroll of blinking {unknown}
 i - a scroll of identify {unknown}
 j - a scroll of revelation {unknown}
 l - a scroll of enchant armour {unknown}
Potions
 c - a potion of might
 f - a potion of heal wounds {unknown}
 g - a potion of curing {unknown}
 h - 2 potions of berserk rage {unknown}
 k - a potion of lignification {unknown}
 m - a potion of invisibility {unknown}


   Skills:
 + Level 3.3 Fighting
 + Level 2.3 Long Blades
 + Level 3.4 Dodging
 + Level 1.0 Stealth
 + Level 3.6 Shields


You had 2 spell levels left.
You didn't know any spells.
Your spell library contained the following spells:

 Spells                   Type           Power      Damage    Failure   Level
 Cigotuvi's Dreadful Rot  Necr/Pois/Air  0%         N/A       58%         2
 Ignite Poison            Fire/Tmut/Pois 0%         N/A       82%         3
 Freezing Cloud           Conj/Ice/Air   0%         6-21      100%        5


Dungeon Overview and Level Annotations

Branches:
Dungeon (2/15)

Altars:
Hepliaklqana
The Shining One

Annotations:
D:2 Terence


Innate Abilities, Weirdness & Mutations

Your life essence is reduced to manifest your ancestor. (-10% HP)
You cannot wear most types of armour.
You are amphibious.
You can wear up to eight rings at the same time.
Your skin changes colour to match your surroundings (Stealth+).
Your rubbery body absorbs attacks. (AC +1, EV +1)
((You are camouflaged when in or above water. (Stealth+)))
You have tentacles for arms and can constrict up to eight enemies at once.


Message History

Found a stone staircase leading up.
There is an open door here.
You now have 80 gold pieces (gained 4).
Found a stone staircase leading down.
You now have 87 gold pieces (gained 7).
You open the door.
There is an open door here.
Found a stone staircase leading down.
You swap places.
There is an open door here.
A dart slug comes into view.
A dart slug is nearby!
The helpless dart slug fails to defend itself.
You hit the dart slug. You grab the dart slug.
The dart slug is heavily wounded.
You constrict the dart slug. You block the dart slug's attack.
You hit the dart slug.
The dart slug is almost dead.
You constrict the dart slug.
You kill the dart slug!
Your Stealth skill increases to level 1!
No target in view!
Found a stone staircase leading up.
There is a stone staircase leading up here.
Terence the Incautious comes into view.
He is wielding a +5 short sword of venom.
Found a green potion.
Terence is nearby!
Terence is nearby!
Terence shouts!
Found a mace.
Terence hits you with a +5 short sword of venom!
You are lethally poisoned!
You closely miss Terence. You grab Terence.
You constrict Terence, but do no damage.
You feel very sick.
Terence hits you with a +5 short sword of venom.
* * * LOW HITPOINT WARNING * * *
You are more poisoned.
Terence hits you with a +5 short sword of venom!
You die...

#########
###########........####
#........#............#
.........#.........##.#
.......@............#.##
.......@R.#........##...
.....................###
).!......###########.#
.#................<..#
#.###.#################
# #.#................
#.#.###############
#.#.##........ ..#
..#..'....# #.#


You could see the friendly Aylmer the ancestor and Terence (ally target).

Vanquished Creatures
  Jessica (D:2)
  A dart slug (D:2)
  3 ball pythons
  3 bats
  2 endoplasms
  A goblin (D:1)
  2 hobgoblins (D:1)
  2 quokkas (D:2)
  A frilled lizard (D:2)
  2 kobolds (D:1)
  A rat (D:1)
19 creatures vanquished.

Vanquished Creatures (collateral kills)
  A worm (D:2)
  An endoplasm (D:1)
  A goblin (D:1)
3 creatures vanquished.

Grand Total: 22 creatures vanquished

Notes
Turn   | Place    | Note
-------+----------+-------------------------------------------
     0 | D:1      | Maratek the Octopode Fighter began the quest for the Orb.
     0 | D:1      | Reached XP level 1. HP: 16/16 MP: 1/1
    14 | D:1      | Found a faded altar of an unknown god.
    39 | D:1      | Prayed at the altar of an unknown god.
    39 | D:1      | Became a worshipper of Hepliaklqana the Forgotten
    39 | D:1      | Reached * piety under Hepliaklqana
   206 | D:1      | Reached XP level 2. HP: 11/18 MP: 2/2
   708 | D:2      | Found a glowing golden altar of the Shining One.
   785 | D:2      | Noticed Jessica
   789 | D:2      | Killed Jessica
   790 | D:2      | Reached XP level 3. HP: 20/23 MP: 3/3
  1094 | D:2      | Reached skill level 1 in Stealth
  1114 | D:2      | Noticed Terence
  1118 | D:2      | Mangled by Terence

Illustrated notes

Levels and vault maps discovered:
D:1:      lightli_iron_boxes, layout_basic,
          ebering_ecumenical_altar_sacrificial, chequers_serial_rivers_micro_e,
          minmay_domino_2
D:2:      layout_basic, basic_altar, uniq_jessica, uniq_terence

Skill      XL: |  1  2  3 |
---------------+----------+-----
Stealth        | 1 |  1.0
Fighting       | |  3.3
Long Blades    | |  2.3
Dodging        | |  3.4
Shields        | |  3.6

Action                     || total
---------------------------++-------
  Melee: Long sword        ||    40
         Constrict         ||    12
         Tentacles         ||     7
   Stab: Sleeping          ||     7
 Armour: Skin              ||    16
  Dodge: Dodged            ||    24
  Block: Buckler           ||     6

Table legend: (Time is in decaauts)
 A = Elapsed time spent in this place.
 B = Non-inter-level travel time spent in this place.
 C = Inter-level travel time spent in this place.
 D = Time resting spent in this place.
 E = Time spent auto-exploring this place.
 F = Levels seen in this place.
 G = Mean time per level.
                   A        B        C        D        E       F      G
               +--------+--------+--------+--------+--------+-----+--------+
         Total |   1130 |   1019 |    111 |      0 |    848 |   2 |  565.0 |
       Dungeon |   1130 |   1019 |    111 |      0 |    848 |   2 |  565.0 |
               +--------+--------+--------+--------+--------+-----+--------+

Top non-repeatable levels by time:
     D:1: 709 daAuts
     D:2: 420 daAuts
